Cogmind - Beta 11 --- EXPLORER MODE // 2022.04.13 @ 14:48:37 Player: Grimbling Result: Destroyed by Combat Programmer with EMDS Performance ------------- Evolutions (9) 4500 Regions Visited (23) 4600 Robots Destroyed (83) 415 Value Destroyed (2752) 2752 Prototype IDs (39) 780 Alien Tech Used (0) 0 Bonus (6955) 6955 TOTAL SCORE: 20002 Bonus ------- High Alert Combat Kills 15 Follower Combat Kills 340 Entered Garrisons 200 Entered DSFs 500 Aligned with FarCom 300 Met Data Miner 300 Met Zhirov 300 Met MAIN.C 5000 Cogmind --------- Core Integrity 0/1600 Matter 281/300 Energy 100/100 System Corruption 40% Temperature Cool (0) Movement Core (50) Location -1/Command Parts ------- > --- POWER (5) -------- (None) > --- PROPULSION (9) --- (None) > --- UTILITY (10) ----- (None) > --- WEAPON (2) ------- (None) > --- INVENTORY (5) ---- Quantum Reactor Light Quantum Reactor Peak State ------------ > --- POWER ------------ Light Particle Reactor Light Particle Reactor Micro Antimatter Reactor Micro Antimatter Reactor Light Quantum Reactor > --- PROPULSION ------- Electron Diverter Electron Diverter Cooled Q-thruster Cooled Q-thruster Cooled Q-thruster Cooled Q-thruster Cooled Q-thruster Cooled Q-thruster Cooled Q-thruster > --- UTILITY ---------- Experimental Power Amplifier Advanced Heat Sink Advanced Heat Sink Advanced Heat Sink Improved Cooling System Gravity Neutralizer Improved Transmission Jammer ECM Suite Advanced Reaction Control System Advanced Cloaking Device > --- WEAPON ----------- Centrium Greatsword > --- INVENTORY -------- Electron Diverter Electron Diverter Experimental Power Amplifier Advanced Phase Shifter Latent Energy Streamer [Rating: 206] Favorites ----------- Power Light Deuterium Engine Engine Light Deuterium Engine Power Core Neutrino Core Reactor Micro Antimatter Reactor Propulsion Cesium-ion Thruster Leg Aluminum Leg Hover Unit Hover Unit Flight Unit Cesium-ion Thruster Utility ECM Suite Device ECM Suite Storage Small Storage Unit Processor Advanced Visual Processing Unit Hackware Hacking Suite Protection Propulsion Shielding Weapon Plasma Sword Energy Gun Particle Gun Energy Cannon Latent Energy Streamer Launcher Rocket Launcher Special Weapon Field Lobotomy Kit Impact Weapon Powered Hammer Slashing Weapon Plasma Sword Piercing Weapon Enhanced Force Lance Special Melee Weapon Improved Datajack Build | -11 -10 -10 -10 -9 -8 -7 -7 -7 -7 -6 -6 -6 -6 -6 -6 -5 -5 -5 -4 -3 -2 -1 -1 ------- Run | Scr Mat Min Exi Min Mat Fac Low Low Dat Pro Fac Ext Cet Arc Hub Fac DSF Gar Fac Res Res Acc Com Slots Evolved 19 | . 1 . . . 4 2 . . . . 2 . . . . 2 . . 2 2 2 2 . Power 4 | . . . . . 1 1 . . . . . . . . . . . . . 1 . 1 . Propulsion 7 | . . . . . 2 . . . . . 1 . . . . 2 . . 1 . 1 . . Utility 8 | . 1 . . . 1 1 . . . . 1 . . . . . . . 1 1 1 1 . Weapon . | . . . . . . . . . . . . . . . . . . . . . . . . Parts Attached 198 | 7 6 14 4 . 12 10 2 2 . 1 7 1 1 . 3 13 7 3 10 14 12 49 20 Power 47 | 1 1 2 . . 1 2 . 1 . 1 2 1 1 . . 1 1 . 3 5 1 11 12 Engine 18 | 1 1 2 . . 1 2 . . . . 2 1 . . . . 1 . 1 2 . 4 . Core 7 | . . . . . . . . 1 . 1 . . 1 . . 1 . . . 1 . 2 . Reactor 22 | . . . . . . . . . . . . . . . . . . . 2 2 1 5 12 Propulsion 66 | 2 . 10 2 . 4 2 . . . . 2 . . . 3 9 4 2 3 4 4 13 2 Treads . | . . . . . . . . . . . . . . . . . . . . . . . . Leg 3 | 2 . . 1 . . . . . . . . . . . . . . . . . . . . Wheel . | . . . . . . . . . . . . . . . . . . . . . . . . Hover 4 | . . 4 . . . . . . . . . . . . . . . . . . . . . Flight 59 | . . 6 1 . 4 2 . . . . 2 . . . 3 9 4 2 3 4 4 13 2 Utility 53 | 3 2 1 . . 4 4 2 . . . 3 . . . . 3 . 1 2 4 2 19 3 Device 38 | 1 1 . . . 1 1 2 . . . 1 . . . . 3 . 1 2 4 1 17 3 Storage 2 | 1 . . . . 1 . . . . . . . . . . . . . . . . . . Processor 4 | . . . . . . 2 . . . . . . . . . . . . . . 1 1 . Hackware 3 | . . . . . . 1 . . . . 2 . . . . . . . . . . . . Protection 6 | 1 1 1 . . 2 . . . . . . . . . . . . . . . . 1 . Artifact . | . . . . . . . . . . . . . . . . . . . . . . . . Weapon 32 | 1 3 1 2 . 3 2 . 1 . . . . . . . . 2 . 2 1 5 6 3 Energy Gun 3 | 1 1 . . . . 1 . . . . . . . . . . . . . . . . . Energy Cannon 7 | . . . 1 . . . . . . . . . . . . . 1 . . . 1 2 2 Ballistic Gun . | . . . . . . . . . . . . . . . . . . . . . . . . Ballistic Cannon . | . . . . . . . . . . . . . . . . . . . . . . . . Launcher 1 | . 1 . . . . . . . . . . . . . . . . . . . . . . Special Weapon 1 | . . . 1 . . . . . . . . . . . . . . . . . . . . Impact Weapon 1 | . . . . . . . . . . . . . . . . . 1 . . . . . . Slashing Weapon 14 | . 1 . . . 2 1 . . . . . . . . . . . . 2 . 4 3 1 Piercing Weapon 2 | . . . . . . . . . . . . . . . . . . . . 1 . 1 . Special Melee Weapon 3 | . . 1 . . 1 . . 1 . . . . . . . . . . . . . . . Unidentified Prototypes 15 | . . . 3 . . 1 . . . . . . . . . 1 . . . 3 1 6 . Corrupted Parts 1 | . . . . . . . . . . . . . . . . . . 1 . . . . . System Corruption 3 | . . . . . . . . . . . . . . . . . . 3 . . . . . Parts Lost 52 | . 1 5 . . . 1 . . . . 1 . 2 . . . 4 4 . 1 1 1 31 Power 16 | . . 2 . . . 1 . . . . . . 2 . . . 1 2 . . . 1 7 Propulsion 19 | . . 3 . . . . . . . . . . . . . . 2 2 . . 1 . 11 Utility 13 | . . . . . . . . . . . . . . . . . 1 . . 1 . . 11 Weapon 4 | . 1 . . . . . . . . . 1 . . . . . . . . . . . 2 Highest Loss Streak 30 | . 1 3 . . . 1 . . . . 1 . 2 . . . 4 4 . 1 1 1 30 To Critical Strikes 1 | . . . . . . . . . . . . . . . . . . . . . . . 1 Average Slot Usage (%) 86 | . 90 78 73 75 90 79 77 83 85 85 91 90 89 87 87 93 85 85 78 83 94 94 74 Engine 9 | . 12 11 12 12 15 12 7 . . . 12 15 12 6 6 5 5 2 1 5 8 7 . Core 1 | . . . . . . . . 7 7 7 . . 2 6 6 10 11 9 3 1 4 1 . Reactor 1 | . . . . . . . . . . . . . . . . . . . 4 5 3 5 11 Leg 3 | . 25 . . . . . . . . . . . . . . . . . . . . . . Flight 26 | . . 14 23 25 32 28 28 28 28 28 31 31 31 31 31 38 35 35 28 31 36 34 29 Device 16 | . 24 16 12 12 8 7 6 7 7 7 6 6 6 6 6 10 11 13 19 21 28 31 29 Storage 5 | . 12 . . . 7 7 7 7 7 7 6 6 6 6 6 5 5 5 5 4 4 1 . Processor 2 | . . . . . . 3 7 7 7 7 6 6 6 6 6 5 5 5 5 2 2 1 . Hackware 3 | . . . . . . 1 7 7 7 7 11 12 12 12 12 5 5 5 5 3 . . . Protection 5 | . . 12 12 12 15 11 7 7 7 7 6 6 6 6 6 5 1 . . . . . . Slashing Weapon 6 | . 8 12 12 12 7 7 7 7 7 7 6 6 6 6 6 5 1 . 1 2 5 5 1 Naked Turns 5 | . . . . . . . . . . . . . . . . . . . . . . . 5 Heaviest Build 74 | 17 21 9 8 8 20 20 17 20 20 20 23 25 25 23 23 30 34 33 46 56 65 74 69 Greatest Support 85 | 20 20 12 8 8 20 20 20 20 20 20 26 26 26 26 26 40 38 34 52 67 79 81 85 Greatest Overweight (x) 2 | 1 1 1 2 . . . . . . . . . . . . 1 . . . . . 1 1 Average Overweight (x) . | . . . . . . . . . . . . . . . . . . . . . . . . Largest Inventory Capacity 10 | 10 10 10 5 5 8 8 8 8 8 8 8 8 8 8 8 8 8 8 8 8 8 8 5 Average Capacity 7 | 7 10 5 5 5 7 8 8 8 8 8 8 8 8 8 8 8 8 8 8 8 8 6 5 Most Carried 10 | 3 10 9 5 5 8 8 8 8 8 8 8 8 8 8 8 8 8 7 8 8 8 8 5 Average Carried 6 | 2 8 4 3 5 7 7 8 7 8 8 7 8 7 7 8 7 7 6 5 7 7 6 3 Final Capacity 10 | 10 10 5 5 5 8 8 8 8 8 8 8 8 8 8 8 8 8 8 8 8 8 5 5 Final Carried 10 | 3 10 3 5 5 8 8 8 8 8 8 8 8 7 8 8 8 7 7 8 7 8 5 2 Class Distribution -------------------- 56% | Hacker-Sprinter 22% | Generator-Sprinter 21% | Hacker-Mutant Dominant Class ---------------- Hacker-Mutant | -10/Materials Hacker-Mutant | -10/Mines Hacker-Mutant | -10/Exiles Hacker-Mutant | -9/Mines Hacker-Sprinter | -8/Materials Hacker-Sprinter | -7/Factory Hacker-Sprinter | -7/Lower Caves Hacker-Sprinter | -7/Lower Caves Hacker-Sprinter | -7/Data Miner Hacker-Sprinter | -6/Proximity Caves Hacker-Sprinter | -6/Factory Hacker-Sprinter | -6/Extension Hacker-Sprinter | -6/Cetus Hacker-Sprinter | -6/Archives Hacker-Sprinter | -6/Hub_04(d) Hacker-Sprinter | -5/Factory Hacker-Sprinter | -5/DSF Hacker-Sprinter | -5/Garrison Hacker-Sprinter | -4/Factory Hacker-Sprinter | -3/Research Generator-Sprinter | -2/Research Generator-Sprinter | -1/Access Generator-Sprinter | -1/Command Resources | -11 -10 -10 -10 -9 -8 -7 -7 -7 -7 -6 -6 -6 -6 -6 -6 -5 -5 -5 -4 -3 -2 -1 -1 ----------- Run | Scr Mat Min Exi Min Mat Fac Low Low Dat Pro Fac Ext Cet Arc Hub Fac DSF Gar Fac Res Res Acc Com Matter Collected 2124 | 176 160 115 . 50 130 70 54 20 . . 75 10 10 . . 140 40 . 110 178 122 530 134 Remotely . | . . . . . . . . . . . . . . . . . . . . . . . . Salvage Created 3787 | . 354 181 . . 146 51 . . . 43 290 112 . 79 . 112 390 . 88 197 140 1324 280 Parts 203 | . 28 11 . . 10 5 . . . 6 24 12 . 4 . 2 2 . 2 12 14 64 7 Haulers Intercepted 11 | . 1 . . . 1 . . . . . . . . . . 1 . . 1 1 . 6 . Recyclers Shooed 3 | . . 1 . . . . . . . . . 1 . . . . . . . . 1 . . Parts Field Recycled . | . . . . . . . . . . . . . . . . . . . . . . . . Retrieved Matter . | . . . . . . . . . . . . . . . . . . . . . . . . Parts Self-Destructed . | . . . . . . . . . . . . . . . . . . . . . . . . Prevented . | . . . . . . . . . . . . . . . . . . . . . . . . Kills | -11 -10 -10 -10 -9 -8 -7 -7 -7 -7 -6 -6 -6 -6 -6 -6 -5 -5 -5 -4 -3 -2 -1 -1 ------- Run | Scr Mat Min Exi Min Mat Fac Low Low Dat Pro Fac Ext Cet Arc Hub Fac DSF Gar Fac Res Res Acc Com Combat Hostiles Destroyed 27 | . 5 4 . . . . . . . 1 8 1 . . . . 1 . 1 . 1 5 . Melee 15 | . 1 4 . . . . . . . 1 3 1 . . . . . . . . 1 4 . Guns 3 | . 3 . . . . . . . . . . . . . . . . . . . . . . AOE 8 | . 1 . . . . . . . . . 5 . . . . . 1 . . . . 1 . Classes Destroyed 14 | . 7 . . . 1 . . . . 1 3 . . . . . 1 . . . . . 1 Worker 11 | . 1 . . . . . . . . . 3 . . . . . . . . . 1 6 . Builder 7 | . 1 1 . . . . . . . . 1 2 . . . . . . . . 1 1 . Hauler 11 | . 1 . . . 1 . . . . . . . . . . 1 . . 1 1 . 6 . Recycler 5 | . 1 1 . . . . . . . . . . . . . . . . . . . 2 1 Mechanic 1 | . . . . . . . . . . . . . . . . . . . . . . . 1 Operator 4 | . . . . . 1 . . . . . 2 1 . . . . . . . . . . . Drone 3 | . . . . . . . . . . . 1 . . . . . . . 1 . . 1 . Watcher 20 | . 3 . . . 2 2 . . . . . . . . . . . . . 3 1 6 3 Swarmer 11 | . 2 4 . . . . . . . . 3 . . . . . . . . . . 2 . Cutter 1 | . . . . . . . . . . . . . . . . . 1 . . . . . . Grunt 4 | . 3 . . . . . . . . . . 1 . . . . . . . . . . . Sentry 1 | . . . . . . . . . . . 1 . . . . . . . . . . . . Hunter 2 | . . . . . . . . . . . 1 . . . . . . . . . . 1 . Programmer 5 | . . . . . . . . . . 1 2 . . . . . . . . . 1 1 . Best Kill Streak 7 | . 6 4 . . 1 1 . . . 1 7 2 . . . 1 1 . 2 1 2 6 2 Combat Bots Only 5 | . 4 2 . . . . . . . 1 5 1 . . . . 1 . 1 . 1 2 . Max Kills in Single Turn 5 | . 3 1 . . 1 1 . . . 1 5 1 . . . 1 1 . 1 1 1 5 1 Gunslinging . | . . . . . . . . . . . . . . . . . . . . . . . . Exploded 4 | . 1 . . . . . . . . . 4 . . . . . 1 . . . . 1 . Melee 1 | . 1 1 . . . . . . . 1 1 1 . . . . . . . . 1 1 . Uniques/NPCs Destroyed . | . . . . . . . . . . . . . . . . . . . . . . . . Combat | -11 -10 -10 -10 -9 -8 -7 -7 -7 -7 -6 -6 -6 -6 -6 -6 -5 -5 -5 -4 -3 -2 -1 -1 -------- Run | Scr Mat Min Exi Min Mat Fac Low Low Dat Pro Fac Ext Cet Arc Hub Fac DSF Gar Fac Res Res Acc Com Damage Taken 6597 | . 219 371 . . 81 51 40 19 . 136 91 180 132 . 20 . 313 180 186 195 77 722 3584 Core 2322 | . 44 147 . . 15 14 18 12 . 55 39 70 54 . 7 . 57 51 57 69 13 70 1530 Absorbed by Shields 410 | . . . . . . . . . . . . 15 . . . . 35 37 . . . . 323 Redirected to Shielding 85 | . . 26 . . 13 2 4 . . 2 8 8 12 . 3 . 7 . . . . . . Core Remaining (%) 84 | 100 . . . 23 97 . . . . 85 . . . . 80 . . 89 95 94 99 . . Volleys Fired 30 | . 21 . . . . . . . . . . . . . . . 2 . . . . 2 5 Largest 1 | . 1 . . . . . . . . . . . . . . . 1 . . . . 1 1 Hottest 65 | . 65 . . . . . . . . . . . . . . . 60 . . . . 60 60 Shots Fired 30 | . 21 . . . . . . . . . . . . . . . 2 . . . . 2 5 Gun 20 | . 20 . . . . . . . . . . . . . . . . . . . . . . Cannon 9 | . . . . . . . . . . . . . . . . . 2 . . . . 2 5 Launcher 1 | . 1 . . . . . . . . . . . . . . . . . . . . . . Special . | . . . . . . . . . . . . . . . . . . . . . . . . Kinetic . | . . . . . . . . . . . . . . . . . . . . . . . . Thermal 6 | . 6 . . . . . . . . . . . . . . . . . . . . . . Explosive 1 | . 1 . . . . . . . . . . . . . . . . . . . . . . Electromagnetic 23 | . 14 . . . . . . . . . . . . . . . 2 . . . . 2 5 Robot Hit Streak 15 | . 15 . . . . . . . . . . . . . . . 3 . . . . . 5 Robot Miss Streak 4 | . 4 . . . . . . . . . . . . . . . . . . . . . . Penetration Max . | . . . . . . . . . . . . . . . . . . . . . . . . Secondary Targets . | . . . . . . . . . . . . . . . . . . . . . . . . Shots Hit Robots 157 | . 32 14 . . 8 4 . . . 1 7 7 . 3 . 8 2 1 6 7 6 39 12 Core Hits 95 | . 16 5 . . 3 2 . . . 1 17 3 . . . 1 4 . 1 4 1 26 11 Critical Kills . | . . . . . . . . . . . . . . . . . . . . . . . . Critical Parts Destroyed 1 | . . . . . . . . . . . . . . . . . . . 1 . . . . Critical Strikes 7 | . . . . . . . . . . . . . . . . 1 1 . 1 1 1 2 . Smash 1 | . . . . . . . . . . . . . . . . . . . 1 . . . . Sever 6 | . . . . . . . . . . . . . . . . 1 1 . . 1 1 2 . Melee Attacks 166 | . 17 20 . . 9 4 . . . 1 8 10 1 3 . 8 2 2 6 9 9 47 10 Impact 7 | . . . . . . . . . . . . . . . . . . 2 5 . . . . Slashing 137 | . 17 20 . . 7 4 . . . 1 8 10 1 3 . 8 2 . 1 5 8 32 10 Piercing 20 | . . . . . . . . . . . . . . . . . . . . 4 1 15 . Sneak Attacks 36 | . 2 2 . . 2 . . . . . 2 5 . . . 1 . . 1 1 4 14 2 Combat Hostiles 3 | . . . . . . . . . . . 1 1 . . . . . . . . 1 . . Follow-up Attacks 2 | . . . . . . . . . . . . . . . . . . . . . . 2 . Damage Inflicted 11391 | . 801 388 . . 213 151 . . . 44 1465 496 . 311 . 404 184 40 460 459 528 4093 1354 Guns 210 | . 210 . . . . . . . . . . . . . . . . . . . . . . Cannons 5 | . . . . . . . . . . . . . . . . . 5 . . . . . . Explosions 2697 | . 238 . . . . . . . . . 1063 . . . . . 134 . . . . 957 305 Melee 8479 | . 353 388 . . 213 151 . . . 44 402 496 . 311 . 404 45 40 460 459 528 3136 1049 Ramming . | . . . . . . . . . . . . . . . . . . . . . . . . Kinetic . | . . . . . . . . . . . . . . . . . . . . . . . . Thermal 631 | . 152 . . . . . . . . . 479 . . . . . . . . . . . . Explosive 1502 | . 119 . . . . . . . . . 426 . . . . . . . . . . 957 . Electromagnetic 779 | . 177 . . . . . . . . . 158 . . . . . 139 . . . . . 305 Impact 453 | . . . . . . . . . . . . . . . . . . 40 413 . . . . Slashing 6691 | . 353 388 . . 213 151 . . . 44 402 496 . 311 . 404 45 . 47 218 398 2172 1049 Piercing 1335 | . . . . . . . . . . . . . . . . . . . . 241 130 964 . Highest Corruption 40 | . . . . . . 1 1 1 1 1 . . . . . . 4 8 . . 1 13 40 Average Corruption 7 | . . . . . . 1 1 1 1 1 . . . . . . 3 7 . . 1 8 24 Corruption Purged . | . . . . . . . . . . . . . . . . . . . . . . . . Corruption Blocked . | . . . . . . . . . . . . . . . . . . . . . . . . Effects 69 | . . . . . . 1 1 1 . 1 . . . . . . 2 3 . . 1 33 26 Message Errors 12 | . . . . . . . . 1 . . . . . . . . 1 . . . . 9 1 Matter Fused 16 | . . . . . . . 1 . . . . . . . . . . 1 . . . 9 5 Heat Flow Errors 4 | . . . . . . . . . . . . . . . . . . . . . . 4 . Energy Discharges 6 | . . . . . . . . . . . . . . . . . . . . . 1 3 2 Parts Rejected 2 | . . . . . . . . . . . . . . . . . . . . . . . 2 Data Loss (minor) 10 | . . . . . . 1 . . . . . . . . . . 1 2 . . . 3 3 Data Loss (major) 1 | . . . . . . . . . . . . . . . . . . . . . . 1 . Alerts 2 | . . . . . . . . . . 1 . . . . . . . . . . . 1 . Misdirections 16 | . . . . . . . . . . . . . . . . . . . . . . 3 13 Overload Shots . | . . . . . . . . . . . . . . . . . . . . . . . . Overflow Damage 1847 | . 7 42 . . 18 1 . . . . 283 113 . 250 . 32 . 15 76 27 260 481 242 Projectiles . | . . . . . . . . . . . . . . . . . . . . . . . . Explosions 177 | . . . . . . . . . . . 119 . . . . . . . . . . 57 1 Melee 1670 | . 7 42 . . 18 1 . . . . 164 113 . 250 . 32 . 15 76 27 260 424 241 Knockbacks 1 | . . . . . . . . . . . . . . . . . . . 1 . . . . Impact 1 | . . . . . . . . . . . . . . . . . . . 1 . . . . Kinetic . | . . . . . . . . . . . . . . . . . . . . . . . . Secondary . | . . . . . . . . . . . . . . . . . . . . . . . . Self-Inflicted Damage 121 | . 47 . . . . . . . . . . . . . . . 19 . . . . 55 . Shots 4 | . 2 . . . . . . . . . . . . . . . 1 . . . . 1 . Rammed . | . . . . . . . . . . . . . . . . . . . . . . . . Targets Rammed . | . . . . . . . . . . . . . . . . . . . . . . . . Kicked . | . . . . . . . . . . . . . . . . . . . . . . . . Crushed . | . . . . . . . . . . . . . . . . . . . . . . . . Highest Temperature 327 | . 75 5 . . 9 6 1 . . 14 32 35 25 10 76 6 . . . 205 139 193 327 Average Temperature 27 | . 40 5 . . 4 3 1 . . 8 10 7 9 5 34 3 . . . 47 56 14 114 Received Heat Transfer 563 | . 87 20 . . 27 15 24 . . 42 . 45 18 . 18 . . . . 54 9 36 168 Effects 1 | . . . . . . . . . . . . . . . . . . . . . . . 1 Energy Bleed 1 | . . . . . . . . . . . . . . . . . . . . . . . 1 Siege Activations . | . . . . . . . . . . . . . . . . . . . . . . . . Robots Corrupted . | . . . . . . . . . . . . . . . . . . . . . . . . Combat Hostiles . | . . . . . . . . . . . . . . . . . . . . . . . . Parts Fried 2 | . . . . . . . . . . . 1 . . . . . . . . . . . 1 Impact Corruptions 4 | . . . . . . . . . . . . . . . . . . 1 3 . . . . Robots Melted . | . . . . . . . . . . . . . . . . . . . . . . . . Combat Hostiles . | . . . . . . . . . . . . . . . . . . . . . . . . Parts Melted . | . . . . . . . . . . . . . . . . . . . . . . . . Heat Transferred 574 | . 224 . . . . . . . . . 350 . . . . . . . . . . . . Parts Sabotaged . | . . . . . . . . . . . . . . . . . . . . . . . . Parts Stolen . | . . . . . . . . . . . . . . . . . . . . . . . . Parts Stripped . | . . . . . . . . . . . . . . . . . . . . . . . . Power Chain Reactions 2 | . 2 . . . . . . . . . . . . . . . . . . . . . . Missiles Intercepted . | . . . . . . . . . . . . . . . . . . . . . . . . Latent Energy Used 1568 | . . . . . . . . . . . . . . . . . 250 . . . . 400 918 LE Corruption 24 | . . . . . . . . . . . . . . . . . 4 . . . . 6 14 Alert | -11 -10 -10 -10 -9 -8 -7 -7 -7 -7 -6 -6 -6 -6 -6 -6 -5 -5 -5 -4 -3 -2 -1 -1 ------- Run | Scr Mat Min Exi Min Mat Fac Low Low Dat Pro Fac Ext Cet Arc Hub Fac DSF Gar Fac Res Res Acc Com Peak Influence 1533 | . 259 152 . 7 266 233 . . . . 488 542 242 74 44 22 99 226 615 406 327 509 1533 Initial 239 | . . 2 . . 1 87 . . . . 93 175 227 64 17 15 11 51 87 239 128 144 197 Average 180 | . 73 82 . 6 58 105 . . . . 120 300 232 69 26 15 60 98 245 245 205 282 821 Maximum Alert Level 4 | . 1 . . . 1 1 . . . . 2 2 1 . . . . 1 2 2 1 2 4 Low Security (%) 63 | 100 86 100 . 100 92 88 . . . . 85 8 . 100 100 100 100 84 59 36 45 22 5 Level 1 27 | . 13 . . . 7 11 . . . . 7 80 100 . . . . 15 15 50 54 68 6 Level 2 5 | . . . . . . . . . . . 7 11 . . . . . . 25 13 . 9 22 Level 3 1 | . . . . . . . . . . . . . . . . . . . . . . . 48 Level 4 . | . . . . . . . . . . . . . . . . . . . . . . . 17 Level 5 . | . . . . . . . . . . . . . . . . . . . . . . . . High Security . | . . . . . . . . . . . . . . . . . . . . . . . . Max Security . | . . . . . . . . . . . . . . . . . . . . . . . . Squads Dispatched 49 | . 1 . . . 4 7 . . . . 3 2 . . . . 1 . 3 5 3 14 6 Investigation 35 | . 1 . . . 2 6 . . . . 1 . . . . . . . 2 3 2 12 6 Extermination 6 | . . . . . . 1 . . . . 2 . . . . . . . . 1 1 1 . Reinforcement 8 | . . . . . 2 . . . . . . 2 . . . . 1 . 1 1 . 1 . Assault . | . . . . . . . . . . . . . . . . . . . . . . . . Garrison . | . . . . . . . . . . . . . . . . . . . . . . . . Intercept . | . . . . . . . . . . . . . . . . . . . . . . . . Searches Triggered 1 | . . . . . . . . . . . . . . . . . . . . . . 1 . Data Miner Redirects 12 | . . . . . . . . . . . . . . . . . . . 2 1 . 5 4 Construction Impeded 1 | . . . . . . . . . . . . 1 . . . . . . . . . . . Haulers Reinforced 2 | . . . . . . . . . . . . . . . . . . . . 1 . 1 . Active Scanning Responses . | . . . . . . . . . . . . . . . . . . . . . . . . Cargo Convoy Interrupts . | . . . . . . . . . . . . . . . . . . . . . . . . Stealth | -11 -10 -10 -10 -9 -8 -7 -7 -7 -7 -6 -6 -6 -6 -6 -6 -5 -5 -5 -4 -3 -2 -1 -1 --------- Run | Scr Mat Min Exi Min Mat Fac Low Low Dat Pro Fac Ext Cet Arc Hub Fac DSF Gar Fac Res Res Acc Com Distress Signals 10 | . 2 . . . . . . . . . . 2 1 . . . . . 3 . . 1 1 Communications Jammed 18 | . . . . . . . . . . . . . . . . . . . . . . 8 10 Distress Signals 4 | . . . . . . . . . . . . . . . . . . . . . . . 4 Times Spotted 348 | . 21 29 . . 20 12 8 2 . 20 5 20 6 . 1 . 10 12 35 20 9 35 83 Peak Tracking Total 31 | . 3 9 . . 9 3 4 2 . 11 2 10 6 . 1 . 6 11 13 8 6 10 31 Tactical Retreats 66 | . 3 6 . . 5 5 3 1 . 4 1 2 . . . . 2 2 7 5 1 11 8 Traps | -11 -10 -10 -10 -9 -8 -7 -7 -7 -7 -6 -6 -6 -6 -6 -6 -5 -5 -5 -4 -3 -2 -1 -1 ------- Run | Scr Mat Min Exi Min Mat Fac Low Low Dat Pro Fac Ext Cet Arc Hub Fac DSF Gar Fac Res Res Acc Com Traps Triggered 21 | . 2 . . . 1 1 . . . . . 3 . . . . 2 2 3 1 . . 6 Indirectly . | . . . . . . . . . . . . . . . . . . . . . . . . Trap Hack Attempts . | . . . . . . . . . . . . . . . . . . . . . . . . Triggered . | . . . . . . . . . . . . . . . . . . . . . . . . Disarmed . | . . . . . . . . . . . . . . . . . . . . . . . . Reprogrammed . | . . . . . . . . . . . . . . . . . . . . . . . . Reused . | . . . . . . . . . . . . . . . . . . . . . . . . Traps Extracted . | . . . . . . . . . . . . . . . . . . . . . . . . Installed . | . . . . . . . . . . . . . . . . . . . . . . . . Triggered 7 | . . . . . . . . 2 . 2 . . . . . . 1 . . 2 . . . Machines | -11 -10 -10 -10 -9 -8 -7 -7 -7 -7 -6 -6 -6 -6 -6 -6 -5 -5 -5 -4 -3 -2 -1 -1 ---------- Run | Scr Mat Min Exi Min Mat Fac Low Low Dat Pro Fac Ext Cet Arc Hub Fac DSF Gar Fac Res Res Acc Com Machines Disabled 31 | . 1 . . . . . . . . . 17 2 1 . . . 1 1 . . . 6 2 Max in Single Turn 12 | . 1 . . . . . . . . . 12 1 1 . . . 1 1 . . . 3 2 Garrison Access 1 | . . . . . . . . . . . . . . . . . . . . . . 1 . Garrison Relay 1 | . . . . . . . . . . . . . . . . . . 1 . . . . . Phase Generator 1 | . . . . . . . . . . . . . . . . . . . . . . . 1 Energy Cycler 2 | . . . . . . . . . . . . . . . . . . . . . . 2 . Machines Sabotaged 1 | . . . . . . . . . . . . . . . . . . . . . . 1 . Garrisons Compromised . | . . . . . . . . . . . . . . . . . . . . . . . . Overloaded Fab Kills . | . . . . . . . . . . . . . . . . . . . . . . . . Hacking | -11 -10 -10 -10 -9 -8 -7 -7 -7 -7 -6 -6 -6 -6 -6 -6 -5 -5 -5 -4 -3 -2 -1 -1 --------- Run | Scr Mat Min Exi Min Mat Fac Low Low Dat Pro Fac Ext Cet Arc Hub Fac DSF Gar Fac Res Res Acc Com Machines Accessed 72 | . 6 . . 1 4 11 2 . 3 . 4 . 2 . 2 1 . . 5 4 3 16 8 Terminals 52 | . 6 . . 1 3 8 . . . . 3 . 2 . 2 1 . . 2 2 2 13 7 Fabricators 6 | . . . . . . 2 . . . . 1 . . . . . . . . 1 . 2 . Repair Stations 1 | . . . . . . . . . . . . . . . . . . . . . . . 1 Recycling Units 5 | . . . . . . 1 . . . . . . . . . . . . 2 1 1 . . Scanalyzers 2 | . . . . . 1 . . . . . . . . . . . . . 1 . . . . Garrison Access 1 | . . . . . . . . . . . . . . . . . . . . . . 1 . Total Hacks 177 | . 15 . . 2 10 21 2 . 17 . 14 . 4 . 6 1 . . 12 9 10 35 19 Successful 99 | . 8 . . 2 8 11 2 . 17 . 11 . 2 . 4 1 . . 9 6 5 10 3 Failed 78 | . 7 . . . 2 10 . . . . 3 . 2 . 2 . . . 3 3 5 25 16 Catastrophic 22 | . . . . . . 2 . . . . . . . . . . . . . 2 2 10 6 Database Lockouts . | . . . . . . . . . . . . . . . . . . . . . . . . Manual 89 | . 5 . 1 2 5 14 . . . . 11 1 . . 6 . . . 6 4 4 26 4 Terminals 130 | . 15 . . 2 9 15 . . . . 11 . 4 . 6 1 . . 6 6 9 30 16 Fabricators 13 | . . . . . . 4 . . . . 3 . . . . . . . . 2 . 4 . Repair Stations 3 | . . . . . . . . . . . . . . . . . . . . . . . 3 Recycling Units 9 | . . . . . . 2 . . . . . . . . . . . . 5 1 1 . . Scanalyzers 2 | . . . . . 1 . . . . . . . . . . . . . 1 . . . . Garrison Access 1 | . . . . . . . . . . . . . . . . . . . . . . 1 . Terminal Hacks 66 | . 6 . . 2 4 4 2 . 17 . 5 . 2 . 4 1 . . 3 3 5 6 2 Record 6 | . . . . . . . . . 1 . . . 1 . . . . . 1 . . 3 . Part Schematic 9 | . . . . . . . . . 9 . . . . . . . . . . . . . . Robot Schematic 4 | . . . . . . . . . 4 . . . . . . . . . . . . . . Robot Analysis 3 | . 2 . . . . . . . . . . . . . . . . . . 1 . . . Prototype ID Bank 10 | . 3 . . . 1 1 . . 3 . 2 . . . . . . . . . . . . Open Door 5 | . . . . . . . 2 . . . . . 1 . . . . . . . . 1 1 Open DSF 2 | . . . . . . 1 . . . . . . . . . 1 . . . . . . . Level Access Points 7 | . . . . 1 . 1 . . . . . . . . 1 . . . 1 1 2 . . Branch Access Points 9 | . 1 . . 1 . 1 . . . . 1 . . . 1 . . . 1 1 1 1 . Emergency Access Points 1 | . . . . . 1 . . . . . . . . . . . . . . . . . . Unreport Threat 1 | . . . . . . . . . . . . . . . . . . . . . . 1 . Locate Traps 3 | . . . . . 2 . . . . . . . . . . . . . . . . . 1 Coupling Status 1 | . . . . . . . . . . . 1 . . . . . . . . . . . . Hauler Manifests 1 | . . . . . . . . . . . . . . . 1 . . . . . . . . Registered Prototypes 2 | . . . . . . . . . . . 1 . . . . . . . . . 1 . . Zone Layout 2 | . . . . . . . . . . . . . . . 1 . . . . . 1 . . Fabricator Hacks 8 | . . . . . . 4 . . . . 2 . . . . . . . . 2 . . . Load Schematic 4 | . . . . . . 2 . . . . 1 . . . . . . . . 1 . . . Build 4 | . . . . . . 2 . . . . 1 . . . . . . . . 1 . . . Repair Station Hacks 1 | . . . . . . . . . . . . . . . . . . . . . . . 1 Scan Component 1 | . . . . . . . . . . . . . . . . . . . . . . . 1 Recycling Unit Hacks 5 | . . . . . . . . . . . . . . . . . . . 4 1 . . . Report Inventory 1 | . . . . . . . . . . . . . . . . . . . 1 . . . . Retrieve Matter 1 | . . . . . . . . . . . . . . . . . . . 1 . . . . Retrieve Components 3 | . . . . . . . . . . . . . . . . . . . 2 1 . . . Scanalyzer 1 | . . . . . . . . . . . . . . . . . . . 1 . . . . Insert Component 1 | . . . . . . . . . . . . . . . . . . . 1 . . . . Garrison Access Hacks 1 | . . . . . . . . . . . . . . . . . . . . . . 1 . Seal Access 1 | . . . . . . . . . . . . . . . . . . . . . . 1 . Unauthorized Hacks 17 | . 2 . . . 4 3 . . . . 4 . . . . . . . 1 . . 3 . Terminals 14 | . 2 . . . 3 2 . . . . 4 . . . . . . . . . . 3 . Track 1 | . . . . . 1 . . . . . . . . . . . . . . . . . . Assimilate 1 | . . . . . 1 . . . . . . . . . . . . . . . . . . Detonate 10 | . 2 . . . 1 2 . . . . 3 . . . . . . . . . . 2 . Operators 1 | . . . . . . . . . . . 1 . . . . . . . . . . . . Sabotage 1 | . . . . . . . . . . . . . . . . . . . . . . 1 . Fabricators . | . . . . . . . . . . . . . . . . . . . . . . . . Repair Stations . | . . . . . . . . . . . . . . . . . . . . . . . . Recycling Units 2 | . . . . . . 1 . . . . . . . . . . . . 1 . . . . Recyclers 2 | . . . . . . 1 . . . . . . . . . . . . 1 . . . . Scanalyzers 1 | . . . . . 1 . . . . . . . . . . . . . . . . . . Extract 1 | . . . . . 1 . . . . . . . . . . . . . . . . . . Garrison Access . | . . . . . . . . . . . . . . . . . . . . . . . . Data Cores Recovered 2 | . . . . . 1 . . . . . 1 . . . . . . . . . . . . Used 2 | . . . . . 1 . . . . . 1 . . . . . . . . . . . . Hacking Detections 54 | . 4 . . . 3 9 . . . . 2 . 1 . 2 1 . . 3 4 3 15 7 Full Trace Events 36 | . 2 . . . 2 6 . . . . 1 . . . . . . . 2 3 2 11 7 Feedback Events 5 | . . . . . . 1 . . . . . . . . . . . . . 1 1 2 . Corruption 4 | . . . . . . 1 . . . . . . . . . . . . . . 1 2 . Hackware Fried 1 | . . . . . . . . . . . . . . . . . . . . 1 . . . Feedback Blocked . | . . . . . . . . . . . . . . . . . . . . . . . . Robot Schematics Acquired 4 | . . . . . . . . . 4 . . . . . . . . . . . . . . Robots Built 3 | . . . . . . . . . . . . . . . . . . . . 3 . . . Authchips . | . . . . . . . . . . . . . . . . . . . . . . . . Time 67 | . . . . . . . . . . . . . . . . . . . . 67 . . . Total Robot Build Rating 12 | . . . . . . . . . . . . . . . . . . . . 12 . . . Part Schematics Acquired 15 | . . . . . 6 . . . 9 . . . . . . . . . . . . . . Parts Built 5 | . . . . . . 4 . . . . 1 . . . . . . . . . . . . Authchips . | . . . . . . . . . . . . . . . . . . . . . . . . Time 261 | . . . . . . 109 . . . . 152 . . . . . . . . . . . . Total Part Build Rating 17 | . . . . . . 12 . . . . 5 . . . . . . . . . . . . Parts Repaired . | . . . . . . . . . . . . . . . . . . . . . . . . Time . | . . . . . . . . . . . . . . . . . . . . . . . . Parts Recycled . | . . . . . . . . . . . . . . . . . . . . . . . . Recycled Matter . | . . . . . . . . . . . . . . . . . . . . . . . . Retrieved Matter . | . . . . . . . . . . . . . . . . . . . . . . . . Retrieved Components 10 | . . . . . . . . . . . . . . . . . . . 3 7 . . . Parts Scanalyzed . | . . . . . . . . . . . . . . . . . . . . . . . . Part Schematics Acquired . | . . . . . . . . . . . . . . . . . . . . . . . . Parts Damaged . | . . . . . . . . . . . . . . . . . . . . . . . . Bothacking | -11 -10 -10 -10 -9 -8 -7 -7 -7 -7 -6 -6 -6 -6 -6 -6 -5 -5 -5 -4 -3 -2 -1 -1 ------------ Run | Scr Mat Min Exi Min Mat Fac Low Low Dat Pro Fac Ext Cet Arc Hub Fac DSF Gar Fac Res Res Acc Com Used RIF Installer . | . . . . . . . . . . . . . . . . . . . . . . . . Robots Hacked 2 | . . . . . 2 . . . . . . . . . . . . . . . . . . Non-combat 2 | . . . . . 2 . . . . . . . . . . . . . . . . . . Combat . | . . . . . . . . . . . . . . . . . . . . . . . . Robot Hacks Applied 2 | . . . . . 2 . . . . . . . . . . . . . . . . . . parse_system 1 | . . . . . 1 . . . . . . . . . . . . . . . . . . find_recycling 1 | . . . . . 1 . . . . . . . . . . . . . . . . . . Relay Couplers Released 4 | . . . . . . . . . . . . . . . . . . 4 . . . . . Machine Destruction 4 | . . . . . . . . . . . . . . . . . . 4 . . . . . Fabnet Peak Effective % . | . . . . . . . . . . . . . . . . . . . . . . . . Robots Rewired . | . . . . . . . . . . . . . . . . . . . . . . . . Allies Hacked . | . . . . . . . . . . . . . . . . . . . . . . . . Hacks Repelled . | . . . . . . . . . . . . . . . . . . . . . . . . Allies | -11 -10 -10 -10 -9 -8 -7 -7 -7 -7 -6 -6 -6 -6 -6 -6 -5 -5 -5 -4 -3 -2 -1 -1 -------- Run | Scr Mat Min Exi Min Mat Fac Low Low Dat Pro Fac Ext Cet Arc Hub Fac DSF Gar Fac Res Res Acc Com Total Allies 13 | . . . . . . . . . . 1 . 9 . . . . . . . 3 . . . Largest Group 7 | . . . . . . . . . . 1 . 7 . . . . . . . 2 . . . Highest-Rated Group 216 | . . . . . . . . . . 96 . 216 . . . . . . . 40 . . . Highest-Rated Ally 96 | . . . . . . . . . . 96 . 39 . . . . . . . 20 . . . Total Orders . | . . . . . . . . . . . . . . . . . . . . . . . . Ally Attacks 49 | . . . . . . . . . . 2 . 38 . . . . . . . 9 . . . Total Damage 1198 | . . . . . . . . . . 186 . 815 . . . . . . . 197 . . . Kills 10 | . . . . . . . . . . . . 10 . . . . . . . . . . . Allies Corrupted 1 | . . . . . . . . . . 1 . . . . . . . . . . . . . Allies Melted . | . . . . . . . . . . . . . . . . . . . . . . . . Intel | -11 -10 -10 -10 -9 -8 -7 -7 -7 -7 -6 -6 -6 -6 -6 -6 -5 -5 -5 -4 -3 -2 -1 -1 ------- Run | Scr Mat Min Exi Min Mat Fac Low Low Dat Pro Fac Ext Cet Arc Hub Fac DSF Gar Fac Res Res Acc Com Robot Analysis Total 3 | . 2 . . . . . . . . . . . . . . . . . . 1 . . . Derelict Logs Recovered 6 | . . 1 . . . . 2 1 . 2 . . . . . . . . . . . . . Drone Launches . | . . . . . . . . . . . . . . . . . . . . . . . . Drone Recoveries . | . . . . . . . . . . . . . . . . . . . . . . . . Exploration | -11 -10 -10 -10 -9 -8 -7 -7 -7 -7 -6 -6 -6 -6 -6 -6 -5 -5 -5 -4 -3 -2 -1 -1 ------------- Run | Scr Mat Min Exi Min Mat Fac Low Low Dat Pro Fac Ext Cet Arc Hub Fac DSF Gar Fac Res Res Acc Com Turns Passed 7317 | 55 937 357 158 43 719 751 202 130 26 151 604 345 49 27 63 74 62 89 359 533 298 1042 243 Spaces Moved 15274 | 38 603 540 373 115 1101 1208 670 378 101 521 610 733 195 74 219 155 143 151 861 1133 739 3439 1174 Core 20 | 9 . . 9 . . . . . . . . . . . . . . . . . . . 2 Treads . | . . . . . . . . . . . . . . . . . . . . . . . . Legs 632 | 29 603 . . . . . . . . . . . . . . . . . . . . . . Wheels . | . . . . . . . . . . . . . . . . . . . . . . . . Hover 117 | . . 117 . . . . . . . . . . . . . . . . . . . . . Flight 14505 | . . 423 364 115 1101 1208 670 378 101 521 610 733 195 74 219 155 143 151 861 1133 739 3439 1172 Fastest Speed 5 | 50 120 37 37 37 26 26 26 26 26 26 23 23 23 23 23 17 18 22 20 17 14 10 5 Average Speed 25 | 110 133 41 39 37 26 26 26 26 26 26 23 23 23 23 23 18 19 23 21 18 17 11 11 Slowest Speed 190 | 120 190 120 150 37 37 26 26 26 26 26 23 23 23 23 23 105 23 28 24 21 18 80 66 Overloaded Moves 146 | . . . . . . . . . . . . . . . . . . . . . . . 146 Propulsion Burnouts . | . . . . . . . . . . . . . . . . . . . . . . . . Robots Hopped 78 | . . 5 . . 4 9 . 1 . . . . 3 . . . 1 1 16 9 3 2 24 Cave-ins Triggered . | . . . . . . . . . . . . . . . . . . . . . . . . Exploration Rate (%) 51 | 4 65 96 79 29 53 26 84 57 74 72 18 69 84 72 17 6 92 42 27 28 14 73 45 Regions Visited 23 Branch Regions 12 Pre-discovered Areas 1 | . . . . 1 . . . . . . . . . . . . . . . . . . . Known Exits Taken 21 | 1 1 1 1 1 1 1 1 1 1 1 1 1 1 1 1 1 . . 1 1 1 1 . Unknown Exits Taken . | . . . . . . . . . . . . . . . . . . . . . . . . Scrap Searched 11 | . . 2 . . . . 5 3 . 1 . . . . . . . . . . . . . Spaces Dug . | . . . . . . . . . . . . . . . . . . . . . . . . Terrain Destroyed 243 | . 20 . . . . . . . . . 109 . . . . . 14 . . . . 28 72 Melee . | . . . . . . . . . . . . . . . . . . . . . . . . Projectile . | . . . . . . . . . . . . . . . . . . . . . . . . AOE 243 | . 20 . . . . . . . . . 109 . . . . . 14 . . . . 28 72 Terrain Rammed . | . . . . . . . . . . . . . . . . . . . . . . . . Walls Destroyed . | . . . . . . . . . . . . . . . . . . . . . . . . Machines Disabled . | . . . . . . . . . . . . . . . . . . . . . . . . Actions | -11 -10 -10 -10 -9 -8 -7 -7 -7 -7 -6 -6 -6 -6 -6 -6 -5 -5 -5 -4 -3 -2 -1 -1 --------- Run | Scr Mat Min Exi Min Mat Fac Low Low Dat Pro Fac Ext Cet Arc Hub Fac DSF Gar Fac Res Res Acc Com Total 18319 | 48 683 629 382 114 1511 1632 697 407 100 534 1057 890 193 77 229 184 169 200 1004 1433 888 4025 1233 Wait 2455 | . 26 47 . . 375 397 24 27 . 11 431 96 . . 6 . . 26 119 273 127 442 28 Move 15107 | 37 602 530 372 114 1092 1190 669 375 100 520 609 732 188 73 218 154 140 147 830 1115 732 3434 1134 Hop 65 | . . 4 . . 4 8 . 1 . . . . 3 . . . 1 1 14 8 3 2 16 Pick Up 56 | 3 6 3 1 . 9 8 . 1 . . . . . 1 1 1 4 2 4 2 1 8 1 Fast Attach 113 | 7 3 4 4 . 7 7 2 1 . 1 3 1 . . . 5 2 . 7 9 12 29 9 Attach 40 | . 2 4 . . 1 1 . 1 . . 2 . 1 . . 4 5 3 3 1 . 5 7 Detach 25 | . 2 1 2 . . . . . . . 1 . . . . 1 1 1 2 2 . 8 4 Swap 45 | . 1 6 . . 4 2 . . . . 2 . . . 3 4 . . . 4 . 15 4 Drop 121 | 1 3 10 3 . 10 15 2 1 . 1 1 . . . 1 7 1 . 5 10 6 39 5 Fire 30 | . 21 . . . . . . . . . . . . . . . 2 . . . . 2 5 Melee 158 | . 17 20 . . 9 4 . . . 1 8 10 1 3 . 8 2 2 6 9 7 41 10 Ram . | . . . . . . . . . . . . . . . . . . . . . . . . Kick . | . . . . . . . . . . . . . . . . . . . . . . . . Crush . | . . . . . . . . . . . . . . . . . . . . . . . . Escape Stasis 104 | . . . . . . . . . . . . 51 . . . . 11 18 14 . . . 10 Rewire . | . . . . . . . . . . . . . . . . . . . . . . . . Trap . | . . . . . . . . . . . . . . . . . . . . . . . . Miscellaneous . | . . . . . . . . . . . . . . . . . . . . . . . . Route ------- -11/Scrapyard -10/Materials -10/Mines (discovered 3 exits: *Mat x2 / *Exi) -10/Exiles -9/Mines (discovered 2 exits: *Mat x2) -8/Materials (discovered 2 exits: *Fac x2) -7/Factory (discovered 8 exits: Fac x4 / Sto x2 / *Low x2) -7/Lower Caves -7/Lower Caves -7/Data Miner -6/Proximity Caves -6/Factory (discovered 4 exits: Low x2 / *Ext x2) -6/Extension (discovered 3 exits: *Fac x2 / *Cet) -6/Cetus (discovered 2 exits: *Fac / *Arc) -6/Archives -6/Hub_04(d) (discovered 4 exits: *Fac x4) -5/Factory -5/DSF -5/Garrison -4/Factory (discovered 7 exits: *Res x4 / *Upp x2 / Arm) -3/Research (discovered 5 exits: *Res x3 / Qua x2) -2/Research (discovered 5 exits: *Acc x3 / Tes x2) -1/Access -1/Command History --------- Turn | Location | Event 9 | -11/Scrapyard | Identified exit to Materials 9 | -11/Scrapyard | Discovered exit to Materials (range 16) 56 | -11/Scrapyard | Entered Materials 56 | -10/Materials | Evolved 1 slot: Utility x1 93 | -10/Materials | Identified exit to Mines 304 | -10/Materials | Build established: Hacker-Mutant 993 | -10/Materials | Entered Mines 1128 | -10/Mines | Learned location of 1 exit from Materials 1133 | -10/Mines | Assembled infested the area 1133 | -10/Mines | Identified exit to Materials 1133 | -10/Mines | Discovered exit to Materials (range 6) 1138 | -10/Mines | Assisted by a Guerilla fighting off Assembled 1230 | -10/Mines | Core integrity fell below 50% 1238 | -10/Mines | Discovered exit to Materials (range 9) 1339 | -10/Mines | Lost 3 parts (1p2n) 1349 | -10/Mines | Deemed a non-threat by the Exiles lab entrance 1349 | -10/Mines | Identified exit to Exiles 1349 | -10/Mines | Discovered exit to Exiles (range 5) 1350 | -10/Mines | Entered Exiles 1360 | -10/Exiles | Met 8R-AWN 1367 | -10/Exiles | Met EX-HEX 1378 | -10/Exiles | Met EX-BIN 1382 | -10/Exiles | Aligned with FarCom system 1382 | -10/Exiles | Given EX-Vault access code 1393 | -10/Exiles | Opened EX-Vault 1395 | -10/Exiles | Found Prototype Leg 1395 | -10/Exiles | Identified Potential Leg 1401 | -10/Exiles | Found Prototype Special Weapon 1401 | -10/Exiles | Identified Field Lobotomy Kit 1407 | -10/Exiles | Found Prototype Energy Cannon 1407 | -10/Exiles | Identified Latent Energy Streamer 1424 | -10/Exiles | Warned to stay clear of 0b10 Research branches 1447 | -10/Exiles | Met EX-DEC 1456 | -10/Exiles | Visited The Gauntlet 1504 | -10/Exiles | Identified exit to Mines 1504 | -10/Exiles | Discovered exit to Mines (range 14) 1508 | -10/Exiles | Left Exiles lab with Latent Energy Streamer 1508 | -10/Exiles | Entered Mines 1510 | -9/Mines | Identified exit to Materials 1548 | -9/Mines | Learned location of Storage (-7) 1551 | -9/Mines | Entered Materials 1551 | -8/Materials | Evolved 4 slots: Power x1, Propulsion x2, Utility x1 1552 | -8/Materials | Identified exit to Factory 1861 | -8/Materials | Build established: Hacker-Sprinter 2228 | -8/Materials | Discovered exit to Factory (range 3) 2270 | -8/Materials | Entered Factory 2270 | -7/Factory | Evolved 2 slots: Power x1, Utility x1 2303 | -7/Factory | Identified exit to DSF 2389 | -7/Factory | Fabricated Imp. Terrain Scanner? 2778 | -7/Factory | Identified exit to Storage 2778 | -7/Factory | Identified exit to Lower Caves 2885 | -7/Factory | Identified exit to Factory 2992 | -7/Factory | Fabricated Cesium-ion Thruster (x2) 3021 | -7/Factory | Entered Lower Caves 3034 | -7/Lower Caves | Encountered a Warlord checkpoint 3049 | -7/Lower Caves | Learned Factory terminal intel 3117 | -7/Lower Caves | Attracted the attention of an 0b10 checkpoint 3136 | -7/Lower Caves | Learned Factory emergency access door positions 3219 | -7/Lower Caves | Identified exit to Lower Caves 3219 | -7/Lower Caves | Discovered exit to Lower Caves (range 17) 3223 | -7/Lower Caves | Entered another Lower Caves area 3351 | -7/Lower Caves | Identified exit to Data Miner 3351 | -7/Lower Caves | Discovered exit to Data Miner (range 7) 3353 | -7/Lower Caves | Entered Data Miner 3353 | -7/Data Miner | Identified exit to Proximity Caves 3353 | -7/Data Miner | Discovered exit to Proximity Caves (range 6) 3357 | -7/Data Miner | Met Data Miner 3370 | -7/Data Miner | Received God Mode back door access code from Data Miner 3379 | -7/Data Miner | Entered Proximity Caves 3390 | -6/Proximity Caves | Escorted by Enhanced Grunt 3409 | -6/Proximity Caves | Attacked by a faux Warlord 3478 | -6/Proximity Caves | Learned Factory emergency access door positions 3528 | -6/Proximity Caves | Discovered exit to Factory (range 11) 3529 | -6/Proximity Caves | Learned 8 Factory zone layouts 3530 | -6/Proximity Caves | Entered Factory 3530 | -6/Factory | Evolved 2 slots: Propulsion x1, Utility x1 3531 | -6/Factory | Identified exit to Extension 3534 | -6/Factory | Loaded intel: 27 terminal locations 3692 | -6/Factory | Fabricated Gravity Neutralizer? 3979 | -6/Factory | Identified exit to Lower Caves 4134 | -6/Factory | Entered Extension 4147 | -6/Extension | Disrupted transfer network 4150 | -6/Extension | Rescued a captive Derelict 4151 | -6/Extension | Rescued a captive Derelict 4165 | -6/Extension | Rescued a captive Derelict 4166 | -6/Extension | Rescued a captive Derelict 4175 | -6/Extension | Rescued a captive Derelict 4176 | -6/Extension | Rescued a captive Derelict 4182 | -6/Extension | Rescued a captive Derelict 4298 | -6/Extension | Rescued a captive Derelict 4303 | -6/Extension | Rescued a captive Derelict 4312 | -6/Extension | Spotted B-75 Beast 4452 | -6/Extension | Spotted B-75 Beast 4456 | -6/Extension | Identified exit to Factory 4456 | -6/Extension | Discovered exit to Factory (range 3) 4474 | -6/Extension | Identified exit to Cetus 4474 | -6/Extension | Discovered exit to Cetus (range 20) 4475 | -6/Extension | Discovered exit to Factory (range 18) 4479 | -6/Extension | Entered Cetus 4482 | -6/Cetus | Spotted Cetus Guard 4482 | -6/Cetus | Spotted Cetus Guard 4484 | -6/Cetus | Spotted Cetus Guard 4484 | -6/Cetus | Spotted Cetus Guard 4488 | -6/Cetus | Discovered exit to Factory (range 20) 4524 | -6/Cetus | Identified exit to Archives 4524 | -6/Cetus | Discovered exit to Archives (range 19) 4528 | -6/Cetus | Entered Archives 4532 | -6/Archives | Met Zhirov 4533 | -6/Archives | Identified exit to Hub_04(d) 4533 | -6/Archives | Discovered exit to Hub_04(d) (range 20) 4538 | -6/Archives | Reinforcements dispatched to Archives 4539 | -6/Archives | Unable to access archive contents 4555 | -6/Archives | Entered Hub_04(d) 4618 | -6/Hub_04(d) | Entered Factory 4618 | -5/Factory | Evolved 2 slots: Propulsion x2 4692 | -5/Factory | Identified exit to DSF 4692 | -5/Factory | Entered DSF 4701 | -5/DSF | Identified exit to Garrison 4701 | -5/DSF | Discovered exit to Garrison (range 19) 4706 | -5/DSF | Additional patrols routed to DSF 4754 | -5/DSF | Entered Garrison 4781 | -5/Garrison | Lost 4 parts (1p2n1u) 4797 | -5/Garrison | Garrison Relay disabled 4816 | -5/Garrison | Spotted B-75 Beast 4818 | -5/Garrison | Triggered checkpoint 4820 | -5/Garrison | Triggered checkpoint 4829 | -5/Garrison | Identified exit to Factory 4829 | -5/Garrison | Discovered exit to Factory (range 12) 4843 | -5/Garrison | Entered Factory 4843 | -4/Factory | Evolved 2 slots: Propulsion x1, Utility x1 4865 | -4/Factory | Lost 4 parts (2p2n) 5031 | -4/Factory | Found Quantum Capacitor 5111 | -4/Factory | Identified exit to Upper Caves 5111 | -4/Factory | Identified exit to Armory 5111 | -4/Factory | Identified exit to Research 5126 | -4/Factory | Incoming investigation squad redirected 5148 | -4/Factory | Spotted B-86 Titan 5198 | -4/Factory | Incoming investigation squad redirected 5202 | -4/Factory | Entered Research 5202 | -3/Research | Evolved 2 slots: Power x1, Utility x1 5222 | -3/Research | Incoming investigation squad redirected 5271 | -3/Research | Fabricated B-48 Gladiator? 5513 | -3/Research | Identified exit to Quarantine 5540 | -3/Research | Found Enh. Force Lance 5577 | -3/Research | Found Prototype Device 5577 | -3/Research | Identified Adv. EM Disruption Field 5682 | -3/Research | Identified exit to Research 5682 | -3/Research | Hacking Suite fried by hacking feedback 5735 | -3/Research | Entered another Research area 5735 | -2/Research | Evolved 2 slots: Propulsion x1, Utility x1 5748 | -2/Research | Found Imp. Powered Armor 5832 | -2/Research | Identified exit to Access 5832 | -2/Research | Identified exit to Testing 5987 | -2/Research | Build established: Generator-Sprinter 6033 | -2/Research | Entered Access 6033 | -1/Access | Evolved 2 slots: Power x1, Utility x1 6077 | -1/Access | Energy Cycler disabled 6185 | -1/Access | Incoming investigation squad redirected 6341 | -1/Access | Found Prototype Device 6341 | -1/Access | Identified Exp. Sensor Array 6475 | -1/Access | Identified exit to Command 6502 | -1/Access | Incoming investigation squad redirected 6636 | -1/Access | Found Prototype Device 6640 | -1/Access | Identified Adv. Kinecellerator 6784 | -1/Access | System corruption reached 10% 6802 | -1/Access | Incoming investigation squad redirected 6823 | -1/Access | Found Enh. Force Lance 6835 | -1/Access | Incoming investigation squad redirected 6966 | -1/Access | Spotted B-99 Colossus 6975 | -1/Access | Incoming investigation squad redirected 7033 | -1/Access | Search patrols dispatched 7052 | -1/Access | Found Prototype Slashing Weapon 7052 | -1/Access | Identified Centrium Greatsword 7075 | -1/Access | Entered Command 7103 | -1/Command | Phase Generator disabled 7112 | -1/Command | Spotted B-99 Colossus 7135 | -1/Command | Incoming investigation squad redirected 7141 | -1/Command | Incoming investigation squad redirected 7152 | -1/Command | Incoming investigation squad redirected 7179 | -1/Command | Incoming investigation squad redirected 7196 | -1/Command | Spotted M Guard 7196 | -1/Command | Spotted M Guard 7196 | -1/Command | Spotted Combat Programmer 7196 | -1/Command | Spotted Combat Programmer 7202 | -1/Command | Met MAIN.C 7205 | -1/Command | 0b10 Conduit disabled 7227 | -1/Command | System corruption reached 30% 7306 | -1/Command | Spotted Executioner 7306 | -1/Command | Spotted Executioner 7306 | -1/Command | Spotted Striker 7306 | -1/Command | Spotted Alpha 7 7306 | -1/Command | Spotted Executioner 7306 | -1/Command | Spotted Executioner 7306 | -1/Command | Spotted Striker 7306 | -1/Command | Spotted Alpha 7 7310 | -1/Command | Core integrity fell below 50% 7310 | -1/Command | Spotted B-99 Colossus 7313 | -1/Command | Spotted B-99 Colossus 7317 | -1/Command | Core integrity fell below 20% 7318 | -1/Command | Destroyed by Combat Programmer with EMDS Last Messages --------------- 07316_ Penetrated by EMDS Slug. 07316_ Penetrated by Slug. 07316_ Slug penetrates Wall. 07316_ Penetrated by Slug. 07316_ P-80 Master resets Combat Programmer, system corruption cleaned. 07317_ Penetrated by EMDS Slug. 07317_ Penetrated by Slug. 07317_ Slug penetrates Wall. 07317_ Acquired 9 matter. 07317_ Triggered Stasis Trap. 07317_ A bubble of rippling energy engulfs the area. 07317_ Field strength at 94. 07317_ Slug penetrates Wall. 07317_ Penetrated by Slug. 07317_ Slug penetrates Striker. 07317_ Field strength at 67. 07318_ Executioner system terminally corrupted. 07318_ Penetrated by Slug. 07318_ Slug penetrates Wall. 07318_ Penetrated by EMDS Slug. Map ----- +----------------------------------------------------+ | ???????????# #??????????????????????????????? | | ???????????# #??????????????????????????????? | | ??????###### #??????????????????????????????? | | ??????# # #??????????????????????????????? | | ??????# # #??????????????????????????????? | | ??????# / #??????????????????????????????? | | ??????# # #??????????????????????????????? | | ??????## ## #??????????????????????????????? | | ???????# ## #??????????????????????????????? | | ???????# ## #??????????????????????????????? | | ???????# ## #??????????????????????????????? | | ???????# ## #?? ??????????????????????????? | | ???????# #########?? ?????"?? ????????????????? | | ?#?????# #??????????? ???? "? #???????????????? | | ?# ????# #??????????? ???? " #???????????????? | | ?# ???# #??????????? ???? "^ #???????????????? | | ### #### #??????????? """" " #???????????????? | | #??????????? ????????????????? | | #????????????BB BB ?????????????????? | | #########????BB BB??????????????????? | | # #????# ##?????????????????? | | ### #### # #???? #?????????????????? | | ?# ???# # #???##E ##?????????????????? | | ?# ????# # #???# % E #?????????????????? | | ?#?????# # #???##%*^ E##?????????????????? | | ???????# + #???# !@^^ #?????????????????? | | ???????## # #???##K %K##?????????????????? | | ????????# # #???#7% % ^7#?????????????????? | | ????????# # #???#; ##?????????????????? | | ????????# # #???##% ^% #??????????????????? | | ????????# # #????#;;///;#??????????????????? | | ?????####+##/########??## p ##??????????????????? | | ???### [ # !! ???#hpg #########???????????? | | ???#"" s ss # !! ????# %p%# #???????????? | | ???#"" """ # ! ????# g # #???????????? | | ???#"" """ #? ?????#h p # #???????????? | | ???#T R" #? ?????#b # #???????????? | | ???#"" """ ###+#######g # #???????????? | | ???#"" "" # hgh # #???????????? | | ???#"" / hggh + #???????????? | | ???### # # !] #???????????? | | ?????# """" # # ]] #???????????? | | ?????# """" #+#####+### ########### #?????? | | ?????# """" # * # ???????? | | ?????# """" + + ######?????????? | | ?????# # # # #?????????? | | ?????# # " "" # # #?????????? | | ?????# # "R"" # # #?????????? | | ?????########## """ # + #?????????? | | ??????????????# # # #?????????? | +----------------------------------------------------+ Best States ------------- Heat Dissipation 136 Energy Generation 112 Energy Capacity 525 Matter Stores 300 Matter Capacity 300 Sight Range 20 Terrain Scan Density 10 ECM Strength 2 Jamming Range 14 Cloak Strength 4 Power Amplification 40 Additional Mass Support 12 Armor Coverage 400 Resistance: KI 35 Resistance: TH 35 Resistance: EX 35 Resistance: EM 35 Resistance: I 35 Resistance: S 35 Resistance: P 35 Propulsion Shielding 33 Utility Shielding 33 Phase Shifting 15 Evasion (%) 80 Core Analysis 6 Armor Integrity Analysis 40 Offensive Hacking 30 Defensive Hacking 10 Item Schematics ----------------- Cesium-ion Thruster | -8/Materials | Extracted Imp. Heat Sink | -8/Materials | Extracted Plasma Cutter | -8/Materials | Extracted Airjet | -8/Materials | Extracted Hardlight Generator | -8/Materials | Extracted Imp. Terrain Scanner | -8/Materials | Extracted Combat Drone Bay | -7/Data Miner | Free Lgt. Regenerative Plating | -7/Data Miner | Free Cld. Cesium-ion Thruster | -7/Data Miner | Free Gravity Neutralizer | -7/Data Miner | Free Imp. Heavy Machine Gun | -7/Data Miner | Free Gyrokinetic Inverter | -7/Data Miner | Free Remote Force Field | -7/Data Miner | Free Hyp. Gauss Cannon | -7/Data Miner | Free Adv. Particle Charger | -7/Data Miner | Free Robot Schematics ------------------ M-28 Smith | -7/Data Miner | Free S-27 Virus | -7/Data Miner | Free M-14 Sweeper | -7/Data Miner | Free B-48 Gladiator | -7/Data Miner | Free Fabricated ------------ Imp. Terrain Scanner | x2 | -7/Factory Cesium-ion Thruster | x2 | -7/Factory Gravity Neutralizer | x1 | -6/Factory B-48 Gladiator | x3 | -3/Research Alien Tech Used ----------------- None Achievements -------------- Speed Demon Supersonic Watch This! Whoosh! Challenges ------------ None Game ------ Seed BombardmentSkeletonTreads Manual? 0 Play Time 03:46:37 Cumulative 74.2 hours Start 2022.04.12 @ 20:10:50 End 2022.04.13 @ 14:48:37 Sessions 3 Manual Loads 0 Difficulty Explorer Special Mode None Game No. 18 Rogue 0 Adventurer 1 Explorer 17 Win Type - Total 4 Types 3/0/0/1/0/0/0/0/0 Lore% 52 Gallery% 61 Achievement% 52 Wizard Run 0 Options --------- ASCII 0 Keyboard 0 Movement Numpad Keybinds 0 Fullscreen 0 Font 14/Terminus Map View 76x50 Tactical HUD 1 Map Filters NONE Filters NONE Steam 1 RUN: 354ce797-dcc2-4936-9d66-b11c84ee8417